 Dungeon Crawl Stone Soup version 0.28-b1-1-g3c77fb2ed1 (webtiles) character file.

Game seed: 11301265727350204767

518 McKennaii the Conjurer (level 6, -11/67 HPs)
             Began as a Demigod Conjurer on Jan 28, 2022.
             Mangled by a hornet (12 damage)
             ... on level 4 of the Dungeon.
             The game lasted 00:02:18 (4399 turns).

McKennaii the Conjurer (Demigod Conjurer)           Turns: 4399, Time: 00:02:18

Health: -11/67     AC:  2    Str:  8    XL:     6   Next: 68%
Magic:  0/15       EV: 12    Int: 28    God:
Gold:   203        SH:  0    Dex: 12    Spells: 1/13 levels left

rFire   . . .      SeeInvis .   (no weapon)
rCold   . . .      Faith    .   (no shield)
rNeg    . . .      Spirit   .   a - +0 robe
rPois   .          Reflect  .   (no helmet)
rElec   .          Harm     .   (no cloak)
rCorr   .          Rampage  .   (no gloves)
Will    .....      NoTele   +   (no boots)
Stlth   ..........              (no amulet)
HPRegen 0.21/turn               (no ring)
MPRegen 0.14/turn               (no ring)

@: berserking, lethally poisoned (-11 -> -19), immobile, very slightly
contaminated, slowed
A: high mp 1, forlorn, divine attributes
a: no special abilities


You were on level 4 of the Dungeon.
You visited 1 branch of the dungeon, and saw 4 of its levels.

You collected 203 gold pieces.

Inventory:

Armour
 a - a +0 robe (worn)
Wands
 h - a wand of iceblast (10)
Scrolls
 b - 2 scrolls of immolation {unknown}
 d - 4 scrolls of identify {unknown}
 f - 2 scrolls of teleportation {unknown}
 k - a scroll of enchant armour {unknown}
Potions
 c - a potion of degeneration {unknown}
 e - a potion of cancellation {unknown}
 g - a potion of berserk rage
 i - 2 potions of curing {unknown}
 j - a potion of brilliance {unknown}
 l - 2 potions of resistance {unknown}
 m - a potion of attraction {unknown}


   Skills:
 - Level 1.7 Dodging
 - Level 1.7 Stealth
 + Level 4.1 Spellcasting
 + Level 6.4 Conjurations


You had one spell level left.
You knew the following spells:

 Your Spells              Type           Power      Damage    Failure   Level
a - Magic Dart            Conj           100%       1d8       1%          1
b - Searing Ray           Conj           82%        2d7       1%          2
c - Iskenderun's Mystic   Conj/Tloc      23%        2d6       19%         4
d - Fireball              Conj/Fire      11%        3d7       47%         5

Your spell library contained the following spells:

 Spells                   Type           Power      Damage    Failure   Level
 Dazzling Flash           Conj/Hex       46%        N/A       6%          3
 Fulminant Prism          Conj/Hex       11%        3d9       19%         4
 Inner Flame              Hex/Fire       5%         N/A       22%         3
 Starburst                Conj/Fire      11%        6d5       96%         6


Dungeon Overview and Level Annotations

Branches:
Dungeon (4/15)
 Temple: D:4-7


Innate Abilities, Weirdness & Mutations

You have an increased reservoir of magic. (+10% MP)
You shall have no god before yourself.
Your divine heritage dramatically boosts your attributes as you level up.


Message History

Aim: a hornet (moderately wounded, 73% to hit)
The searing ray misses the hornet. (Press . to maintain the ray.)
You feel very sick. The hornet closely misses you. The hornet stings you.
You feel as though you will be slow longer.
The searing ray hits the hornet!
The hornet is heavily wounded.
You feel sick. The hornet stings you!
* * * LOW HITPOINT WARNING * * *
You feel as though you will be slow longer.
The hornet misses you.
Unknown command.
Okay, then.
Casting: Searing Ray (safe; 1% risk of failure)
Confirm with . or Enter, or press ? or * to list all spells.
The spell is quite dangerous to miscast (19% risk of failure)!
Continue anyway?
You miscast Iskenderun's Mystic Blast.
You are very lightly contaminated with residual magic.
Space warps crazily around you.
You are magically locked in place.
You feel sick. The hornet stings you.
* * * LOW HITPOINT WARNING * * *
You are lethally poisoned!
You feel as though you will be slow longer.
The hornet misses you.
Unknown command.
Unknown command.
Unknown command.
It was a potion of berserk rage.
A red film seems to cover your vision as you go berserk!
You feel yourself moving faster!
You feel mighty!
* * * LOW HITPOINT WARNING * * *
You feel very sick. The hornet closely misses you. x2
You are too berserk!
You barely miss the hornet.
The hornet is heavily wounded.
* * * LOW HITPOINT WARNING * * *
You feel sick. The hornet stings you!
You die...

#.# #... #.#.#
#... #.#.# #...
#.#.# #... #.#.#
######...
#.#.######........
#.#...............
#y#...............
#@##..............
#)##..............
#.##..............
#.##.......[......
#.##..............
#.##[^............
#.##..............
#†##..............
#.##..............


You could see a hornet.

Vanquished Creatures
  Grinder (D:4)
  An ogre (D:3)
  A howler monkey (D:4)
  A hound (D:4)
  7 adders
  An adder skeleton (D:4)
  A worm (D:4)
  A dart slug (D:4)
  3 orcs
  8 ball pythons
  10 endoplasms
  3 giant cockroaches
  14 hobgoblins
  2 jackals (D:2)
  4 quokkas
  4 bats
  2 frilled lizards
  8 goblins
  9 kobolds
  5 rats
86 creatures vanquished.

Notes
Turn   | Place    | Note
-------+----------+-------------------------------------------
     0 | D:1      | McKennaii the Demigod Conjurer began the quest for the Orb.
     0 | D:1      | Reached XP level 1. HP: 14/14 MP: 5/5
   311 | D:1      | Reached skill level 4 in Conjurations
   339 | D:1      | Reached XP level 2. HP: 20/20 MP: 5/7
  1145 | D:1      | Reached XP level 3. HP: 26/26 MP: 3/8
  1148 | D:1      | Learned a level 2 spell: Searing Ray
  2059 | D:2      | Reached XP level 4. HP: 33/33 MP: 8/10
  2549 | D:3      | Reached skill level 5 in Conjurations
  2935 | D:3      | Noticed an ogre
  2941 | D:3      | Killed an ogre
  2942 | D:3      | Reached XP level 5. HP: 38/38 MP: 4/13
  3206 | D:3      | Got Sif Muna's Disquisition on Displacement and Heat
  3462 | D:4      | Learned a level 4 spell: Iskenderun's Mystic Blast
  3911 | D:4      | Noticed Grinder
  3920 | D:4      | Killed Grinder
  3921 | D:4      | Reached skill level 6 in Conjurations
  3921 | D:4      | Reached XP level 6. HP: 32/45 MP: 3/15
  3927 | D:4      | Learned a level 5 spell: Fireball
  4388 | D:4      | Noticed a hornet
  4398 | D:4      | HP: 2/67 [poisoned by a hornet]
  4399 | D:4      | Mangled by a hornet

Illustrated notes

Levels and vault maps discovered:
D:1:      psy_arrival_radial02, layout_loops_ring, feat_on_display
D:2:      layout_loops_ring, minmay_fountain_box, chequers_serial_rivers_micro_a
D:3:      layout_basic, shapermc_ecumenical_altar_hornbeckon
D:4:      layout_basic, uniq_duvessa, uniq_grinder

Skill      XL: |  1  2  3  4  5 |
---------------+----------------+-----
Conjurations   | 4 5 6 |  6.4
Spellcasting   | 2 3 4 |  4.1
Dodging        | |  1.7
Stealth        | |  1.7

Action                   |  1- 3 |  4- 6 || total
-------------------------+-------+-------++-------
Melee: Unarmed           |       |     1 ||     1
 Cast: Magic Dart        |    97 |    98 ||   195
       Searing Ray       |       |     5 ||     5
       Iskenderun's Myst |       |     1 ||     1
  Use: Potion            |       |     1 ||     1
Armor: Robe              |     1 |     2 ||     3
Dodge: Dodged            |     7 |    15 ||    22
